AoeStats
← Mark The Shark

Arena

503862393Analyzed
4v4 RM · 29d ago on Sep 2, 2026· 42m 3s· 8 players
Game mode
Random Map
Map size
Large (8 player)
Population
200
Speed
Normal
Resources
Standard
Victory
Conquest
Starting age
Dark Age
Ending age
Imperial Age
RankedLock teamsTeams togetherTeam positionsShared explorationLock speedFull tech treeHidden civsTurbo modeCheats
Victory
Defeat
🇺🇸 Spanish · United States
1091
+11
🇺🇸 Japanese · United States
987
+16
🇺🇸 Franks · United States
984
+16
🇮🇳 Poles · India
968
+17
🇳🇴 Britons · Norway
1077
-19
🇧🇷 Bohemians · Brazil
967
-14
🇳🇴 Japanese · Norway
942
-13
🇪🇸 Persians · Spain
942
-13
Harjeim
10:59 Feudal Age
12:14 Wheelbarrow
14:36 Castle Age
12:53 Double-Bit Axe
12:59 Horse Collar
16:46 Loom
21:41 Bow Saw
23:28 Heavy Plow
23:24 Gold Mining
26:43 Husbandry
29:15 Imperial Age
27:00 Hand Cart
26:31 Town Watch
27:13 Kamandaran
27:10 Fletching
27:21 Padded Archer Armor
27:47 Stone Mining
28:01 Scale Mail Armor
27:58 Crossbowman
29:54 Thumb Ring
30:59 Chemistry
29:49 Cavalier
31:37 Ballistics
31:29 Masonry
31:14 Murder Holes
31:35 Forging
31:31 Scale Barding Armor
33:47 Chain Barding Armor
34:02 Iron Casting
37:00 Plate Barding Armor
37:25 Blast Furnace
36:18 Pikeman
36:58 Squires
Mark The Shark
9:42 Loom
11:28 Feudal Age
13:32 Double-Bit Axe
16:59 Castle Age
15:13 Fletching
15:23 Padded Archer Armor
16:17 Horse Collar
18:18 Crossbowman
Rømmern
1:00 Loom
11:30 Feudal Age
13:21 Double-Bit Axe
16:43 Man-at-Arms
20:23 Horse Collar
25:16 Castle Age
24:28 Fletching
24:39 Scale Mail Armor
26:35 Bodkin Arrow
27:26 Squires
28:02 Yasama
30:04 Wheelbarrow
30:59 Gold Mining
30:59 Stone Mining
33:12 Ballistics
38:57 Imperial Age
37:29 Gold Shaft Mining
39:23 Elite Samurai
[LQE]Sun Tzu
0:31 Loom
12:01 Feudal Age
15:47 Horse Collar
15:53 Double-Bit Axe
20:10 Castle Age
20:17 Man-at-Arms
20:58 Squires
22:55 Forging
22:50 Scale Barding Armor
23:38 Long Swordsman
27:00 Bow Saw
27:57 Scale Mail Armor
28:32 Iron Casting
27:50 Arson
29:23 Chemistry
28:45 Ballistics
29:12 Wheelbarrow
30:07 Heavy Plow
30:49 Padded Archer Armor
33:23 Imperial Age
31:47 Wagenburg Tactics
32:27 Leather Archer Armor
32:28 Chain Mail Armor
32:41 Masonry
34:26 Conscription
33:31 Two-Handed Swordsman
34:22 Champion
38:07 Blast Furnace
37:37 Plate Mail Armor
37:49 Pikeman
40:04 Halberdier
decayon
10:11 Feudal Age
11:06 Double-Bit Axe
14:52 Castle Age
13:57 Forging
14:33 Stone Mining
15:17 Scale Mail Armor
18:23 Bow Saw
18:10 Horse Collar
23:38 Heavy Plow
23:47 Arson
24:58 Chain Mail Armor
25:41 Forging
26:32 Squires
27:22 Loom
27:23 Town Watch
28:17 Iron Casting
27:34 Fletching
28:35 Wheelbarrow
29:59 Hand Cart
29:49 Gold Mining
29:50 Elite Skirmisher
31:02 Bodkin Arrow
34:41 Imperial Age
33:15 Gold Shaft Mining
32:22 Treadmill Crane
33:54 Thumb Ring
33:53 Padded Archer Armor
34:05 Town Patrol
34:45 Masonry
34:57 Ballistics
34:49 Masonry
34:35 Murder Holes
35:09 Elite Samurai
36:44 Plate Mail Armor
37:16 Blast Furnace
36:16 Bracer
37:13 Bracer
38:22 Kataparuto
40:55 Hoardings
chucvuive008
12:38 Feudal Age
13:22 Double-Bit Axe
16:07 Castle Age
14:13 Stone Mining
15:54 Gold Mining
16:43 Wheelbarrow
17:58 Bow Saw
17:33 Horse Collar
34:54 Imperial Age
33:24 Hand Cart
36:45 Pikeman
37:25 Squires
37:40 Forging
37:31 Scale Mail Armor
38:39 Chemistry
38:00 Ballistics
39:13 Two-Man Saw
38:01 Halberdier
39:20 Chain Mail Armor
39:41 Iron Casting
38:36 Elite Conquistador
Hensui11
11:17 Feudal Age
9:38 Loom
15:10 Castle Age
13:32 Double-Bit Axe
18:08 Wheelbarrow
29:14 Imperial Age
27:48 Gold Mining
31:20 Husbandry
33:18 Hand Cart
33:16 Cavalier
37:46 Forging
37:42 Scale Barding Armor
37:38 Paladin
40:20 Iron Casting
40:05 Chain Barding Armor
39:09 Light Cavalry
41:28 Bow Saw
Capt. Abisto
0:38 Loom
12:37 Feudal Age
12:59 Horse Collar
17:09 Castle Age
19:05 Double-Bit Axe
20:56 Heavy Plow
21:17 Bow Saw
22:26 Gold Mining
24:36 Wheelbarrow
24:44 Stone Mining
28:53 Imperial Age
27:31 Fortified Wall
27:07 Treadmill Crane
28:37 Stone Shaft Mining
28:36 Scale Barding Armor
28:42 Forging
29:07 Hand Cart
31:02 Iron Casting
30:48 Chain Barding Armor
31:09 Crop Rotation
30:49 Husbandry
31:00 Bloodlines
30:11 Cavalier
30:19 Cavalier
30:19 Light Cavalry
32:10 Szlachta Privileges
32:29 Conscription
32:30 Lechitic Legacy
31:32 Elite Obuch
33:17 Blast Furnace
32:18 Scale Mail Armor
32:32 Winged Hussar
Connection lost

Rejoining the realm…

Still unreachable

The connection could not be restored.

Session expired

The server has moved on; the page needs a fresh start.